 Dungeon Crawl Stone Soup version 0.29-a0-43-g62a80824bf (webtiles) character file.

Game seed: 16618763880873962033

127 Hubjo the Cutter (level 4, 0/33 HPs)
             Began as a Vampire Warper on Feb 2, 2022.
             Succumbed to an adder's poison
             ... on level 5 of the Dungeon.
             The game lasted 00:07:06 (1302 turns).

Hubjo the Cutter (Vampire Warper)                   Turns: 1302, Time: 00:07:06

Health: 0/33       AC:  3    Str: 10    XL:     4   Next: 85%
Magic:  0/7        EV: 12    Int: 17    God:
Gold:   171        SH:  0    Dex: 13    Spells: 5/7 levels left

rFire   + . .      SeeInvis +   a - +0 short sword
rCold   . . .      Faith    .   (no shield)
rNeg    . . .      Spirit   +   b - +0 leather armour
rPois   .          Reflect  .   (helmet restricted)
rElec   .          Harm     .   (no cloak)
rCorr   .          Rampage  .   (no gloves)
Will    .....                   (no boots)
Stlth   +.........              f - amulet of guardian spirit
HPRegen 0.31/turn               (no ring)
MPRegen 0.10/turn               (no ring)

@: lethally poisoned (0 -> -2), healing quickly
A: alive, fangs 3, see invisible, vampiric 2, horns 1, fire resistance 1
a: Exsanguinate


You were on level 5 of the Dungeon.
You visited 1 branch of the dungeon, and saw 5 of its levels.

You collected 171 gold pieces.

Inventory:

Hand Weapons
 a - a +0 short sword (weapon)
Missiles
 d - 5 boomerangs of dispersal (quivered)
Armour
 b - a +0 leather armour (worn)
Jewellery
 f - an amulet of guardian spirit (around neck)
Scrolls
 g - a scroll of fog {unknown}
 h - a scroll of amnesia {unknown}
 i - a scroll of vulnerability


   Skills:
 + Level 2.2 Fighting
 + Level 3.3 Short Blades
 + Level 0.7 Throwing
 + Level 1.8 Armour
 + Level 3.2 Dodging
 + Level 0.1 Stealth
 + Level 2.0 Spellcasting
 + Level 3.0 Translocations


You had 5 spell levels left.
You knew the following spells:

 Your Spells              Type           Power      Damage    Failure   Level
a - Blink                 Tloc           22%        N/A       11%         2

Your spell library contained the following spells:

 Spells                   Type           Power      Damage    Failure   Level
 Gell's Gravitas          Tloc           11%        N/A       22%         3
 Lesser Beckoning         Tloc           11%        N/A       22%         3
 Teleport Other           Tloc           11%        N/A       22%         3
 Corpse Rot               Necr/Air       2%         N/A       36%         2
 Poisonous Vapours        Pois/Air       2%         N/A       36%         2
 Portal Projectile        Hex/Tloc       12%        N/A       38%         3
 Call Canine Familiar     Summ           1%         N/A       58%         3
 Manifold Assault         Tloc           11%        N/A       90%         5
 Leda's Liquefaction      Hex/Erth       0%         N/A       94%         4
 Borgnjor's Vile Clutch   Necr/Erth      0%         N/A       100%        5
 Iron Shot                Conj/Erth      0%         9d1       100%        6


Dungeon Overview and Level Annotations

Branches:
Dungeon (5/15)
 Temple: D:4-7

Altars:
Qazlal


Innate Abilities, Weirdness & Mutations

Your natural rate of healing is accelerated.
You have razor-sharp teeth.
You have supernaturally acute eyesight. (SInv)
You are afflicted with vampirism and can become a bat while bloodless.
You have a pair of small horns on your head.
Your flesh is heat resistant. (rF+)


Message History

The hound is severely wounded.
The hound closely misses you. The adder bites you but does no damage.
You barely miss the hound. Your bite misses the hound.
The hound is severely wounded.
The hound bites you. The adder barely misses you.
You closely miss the hound.
The hound is severely wounded.
The hound bites you. The adder closely misses you.
The hound bites you but does no damage. The adder bites you.
You closely miss the hound.
You headbutt the hound, but do no damage.
The hound is severely wounded.
The hound barely misses you. The adder barely misses you.
You hit the hound.
The hound is severely wounded.
The hound bites you but does no damage. The adder bites you.
You are poisoned.
The adder poisons you! The hound bites you.
You barely miss the hound.
The hound is severely wounded.
You feel sick. The adder closely misses you. The hound bites you.
* * * LOW HITPOINT WARNING * * *
You barely miss the hound. Your headbutt misses the hound.
The hound is severely wounded.
You feel sick. The adder bites you.
* * * LOW HITPOINT WARNING * * *
The hound closely misses you.
You hit the hound.
The hound is almost dead.
* * * LOW HITPOINT WARNING * * *
You feel sick. The hound bites you but does no damage.
The adder bites you but does no damage. The hound barely misses you.
The adder closely misses you.
You hit the hound.
You kill the hound!
* * * LOW HITPOINT WARNING * * *
You feel sick. The adder bites you.
* * * LOW HITPOINT WARNING * * *
Found a stone staircase leading up and a stone staircase leading down.
You die...

##...###..##
........#.....#
>.....##......#
...........#.##
.........#....##
.........#.....#
<........#....##
.............##
...>...@...###
.......S.###
.........#
.........#
........##
#..#.....
..####... ..
...#


You could see an adder.

Vanquished Creatures
  A hound (D:5)
  4 gnolls
  An adder (D:2)
  A dart slug (D:2)
  6 ball pythons
  4 endoplasms
  A giant cockroach (D:2)
  5 goblins
  5 hobgoblins
  A jackal (D:2)
  2 quokkas
  4 bats
  A frilled lizard (D:2)
  7 kobolds
  3 rats
46 creatures vanquished.

Notes
Turn   | Place    | Note
-------+----------+-------------------------------------------
     0 | D:1      | Hubjo the Vampire Warper began the quest for the Orb.
     0 | D:1      | Reached XP level 1. HP: 16/16 MP: 3/3
   221 | D:1      | Reached XP level 2. HP: 19/22 MP: 5/5
   407 | D:2      | Reached skill level 1 in Armour
   484 | D:2      | Gained mutation: You are afflicted with vampirism and can
                  | become a bat while bloodless. [Vampire growth]
   484 | D:2      | Reached XP level 3. HP: 21/27 MP: 6/6
   640 | D:2      | Got the Volume of a Hundred Ghosts
   866 | D:3      | Learned a level 2 spell: Blink
   867 | D:3      | Gained mutation: You have a pair of small horns on your
                  | head. [potion of mutation]
   867 | D:3      | Gained mutation: Your flesh is heat resistant. (rF+)
                  | [potion of mutation]
  1009 | D:4      | Found a stormy altar of Qazlal.
  1054 | D:4      | Reached XP level 4. HP: 22/33 MP: 3/7
  1180 | D:5      | Entered Level 5 of the Dungeon
  1301 | D:5      | HP: 1/33 [adder (2)]
  1302 | D:5      | Succumbed to an adder's poison

Illustrated notes

Levels and vault maps discovered:
D:1:      lightli_arrival_chessboard, layout_loops_cross
D:2:      minmay_general_purpose_star, layout_basic
D:3:      layout_rooms, basic_ecumenical_altar, serial_corexii_hall,
          corexii_hall_statues_i, corexii_hall_statues_l,
          chequers_hall_statues_wall_a, chequers_hall_statues_y,
          corexii_hall_statues_i, corexii_hall_statues_l
D:4:      layout_gridville, mainiacjoe_overflow_brackets,
          kennysheep_nondescript, minmay_misc_feat_nine_boxes
D:5:      layout_cave_pools, minmay_temple_entry_nine_rooms, serial_shops,
          kennysheep_mini

Skill      XL: |  1  2  3  4 |
---------------+-------------+-----
Translocations | 3 |  3.0
Armour         | 1 |  1.8
Fighting       | 2 |  2.2
Short Blades   | 3 |  3.3
Dodging        | 3 |  3.2
Throwing       | |  0.7
Stealth        | |  0.1
Spellcasting   | |  2.0

Action                   |  1- 3 |  4- 6 || total
-------------------------+-------+-------++-------
Melee: Short sword       |   164 |    31 ||   195
       Bite              |    12 |     1 ||    13
       Headbutt          |     1 |     9 ||    10
       Punch             |     1 |       ||     1
  Use: Scroll            |     4 |     2 ||     6
       Potion            |     2 |       ||     2
Armor: Leather armour    |    59 |    11 ||    70
Dodge: Dodged            |   128 |    20 ||   148

Table legend: (Time is in decaauts)
 A = Elapsed time spent in this place.
 B = Non-inter-level travel time spent in this place.
 C = Inter-level travel time spent in this place.
 D = Time resting spent in this place.
 E = Time spent auto-exploring this place.
 F = Levels seen in this place.
 G = Mean time per level.
                   A        B        C        D        E       F      G
               +--------+--------+--------+--------+--------+-----+--------+
         Total |   1277 |   1068 |    209 |      0 |    614 |   5 |  255.4 |
       Dungeon |   1277 |   1068 |    209 |      0 |    614 |   5 |  255.4 |
               +--------+--------+--------+--------+--------+-----+--------+

Top non-repeatable levels by time:
     D:2: 380 daAuts
     D:1: 349 daAuts
     D:4: 293 daAuts
     D:3: 133 daAuts
     D:5: 119 daAuts
